 Dungeon Crawl Stone Soup version 0.26-a0-667-g92642533e4 (webtiles) character file.

Game seed: 5392745276450849408

43236 Peloso the Peltast (level 13, -7/118 HPs)
             Began as a Minotaur Fighter on Oct 18, 2020.
             Was the Champion of Okawaru.
             Killed by divine providence
             ... invoked by an orc priest
              (8 damage)
             ... on level 2 of the Orcish Mines.
             The game lasted 00:42:16 (19332 turns).

Peloso the Peltast (Minotaur Fighter)              Turns: 19332, Time: 00:42:16

Health: -7/118     AC: 24    Str: 23    XL:     13   Next: 89%
Magic:  11/12      EV: 14    Int:  5    God:    Okawaru [******]
Gold:   1537       SH: 22    Dex: 19    Spells: 12/12 levels left

rFire    . . .     SeeInvis .   a - +3 scimitar (flame)
rCold    + . .     Faith    .   c - +0 kite shield
rNeg     . . .     Spirit   .   q - +3 plate armour {rC+}
rPois    .         Reflect  +   L - +0 hat of Hopscotch {+Fly Stlth+}
rElec    .         Harm     .   (no cloak)
rCorr    .         Rampage  +   (no gloves)
MR       +....                  I - +2 pair of boots {rampage}
Stlth    ..........             m - amulet of reflection
HPRegen  0.29/turn              G - +6 ring of dexterity
MPRegen  0.13/turn              l - ring of protection from magic

@: heroism, studying Armour
A: retaliatory headbutt, horns 2
a: Heroism, Finesse, Renounce Religion, Evoke Flight


You were on level 2 of the Orcish Mines.
You worshipped Okawaru.
Okawaru was exalted by your worship.
You visited 4 branches of the dungeon, and saw 19 of its levels.
You also visited: Bailey.

You collected 1537 gold pieces.

Inventory:

Hand Weapons
 a - a +3 scimitar of flaming (weapon)
 b - a +2 vampiric falchion
Missiles
 f - 252 bolts
Armour
 c - a +0 kite shield (worn)
 g - a +4 chain mail
 q - a +3 plate armour of cold resistance (worn)
 I - a +2 pair of boots of rampaging (worn)
 L - the +0 hat of Hopscotch (worn) {+Fly Stlth+}
   (Okawaru gifted it to you on level 11 of the Dungeon)

   It lets you fly.
   It makes you more stealthy.
Jewellery
 e - an uncursed ring of see invisible
 l - a ring of protection from magic (right hand)
 m - an amulet of reflection (around neck)
 A - an uncursed ring of fire
 D - an uncursed ring of positive energy
 G - a +6 ring of dexterity (left hand)
Wands
 j - a wand of polymorph (10)
 t - a wand of paralysis (6)
 w - a wand of acid (6)
 y - a wand of iceblast (5)
 F - a wand of flame (21)
Scrolls
 d - 4 scrolls of identify
 h - 6 scrolls of amnesia
 k - 3 scrolls of fog
 p - 2 scrolls of immolation
 r - 9 scrolls of remove curse
 C - 2 scrolls of enchant armour
 M - a scroll of holy word
 P - 2 scrolls of noise
Potions
 i - a potion of flight
 n - 2 potions of curing
 o - 3 potions of haste
 s - a potion of ambrosia
 u - a potion of stabbing
 v - 3 potions of resistance
 x - a potion of heal wounds
 z - 3 potions of might
 B - 3 potions of brilliance
Books
 E - a manual of Armour


   Skills:
 + Level 12.1(17.1) Fighting
   Level 0.1(14.2) Short Blades
 + Level 15.0(20.0) Long Blades
 + Level 12.6(17.6) Armour
 + Level 4.9(9.9) Dodging
 + Level 1.2(6.2) Stealth
 + Level 16.5(21.5) Shields
 + Level 0.3 Invocations
 + Level 0.9 Evocations


You had 12 spell levels left.
You didn't know any spells.
Your spell library contained the following spells:

 Spells                   Type           Power        Failure   Level
 Beastly Appendage        Tmut           #.....       98%         1
 Wereblood                Tmut           #.......     99%         2
 Confusing Touch          Hex            #.......     100%        3
 Gell's Gravitas          Tloc           #.........   100%        3
 Portal Projectile        Hex/Tloc       #.....       100%        3
 Spider Form              Tmut/Pois      #.........   100%        3
 Ice Form                 Ice/Tmut       #.......     100%        4
 Petrify                  Tmut/Erth      #.......     100%        4
 Blade Hands              Tmut           #.........   100%        5
 Metabolic Englaciation   Hex/Ice        #.........   100%        5
 Yara's Violent Unravell  Hex/Tmut       #.........   100%        5
 Dispersal                Tloc           #.........   100%        6
 Disjunction              Tloc           #.........   100%        8


Dungeon Overview and Level Annotations

Branches:
Dungeon (13/15)            Temple (1/1) D:5            Lair (3/6) D:9
  Swamp (0/4) Lair:2        Snake (0/4) Lair:3          Orc (2/2) D:12
    Elf (0/3) Orc:2        Bailey (visited)
 Vaults: D:13-14

Altars:
Ashenzari
Cheibriados
Elyvilon
Fedhas
Gozag
Hepliaklqana
Makhleb
Okawaru
Ru
Sif Muna
Trog
Uskayaw
Vehumet
Xom
Yredelemnul
Zin
The Shining One
Beogh

Shops:
D:9 *   Orc:2 }

Portals:
Trove: D:11 (give +2 shadow dragon scales)

Annotations:
D:10 1 runed translucent door


Innate Abilities, Weirdness & Mutations

You reflexively headbutt those who attack you in melee.
You have a pair of horns on your head.


Message History

The ynoxinul closely misses you. You block the orc's attack.
The orc high priest invokes the aid of Beogh against you.
Beogh smites you!
* * * LOW HITPOINT WARNING * * *
You slash the orc! You burn the orc.
You kill the orc!
The sun demon disappears in a puff of smoke!
The orc high priest performs a strange gesture.
The orc high priest invokes the aid of Beogh against you.
Beogh smites you!
* * * LOW HITPOINT WARNING * * *
You block the ynoxinul's attack.
The orc priest mumbles some strange prayers to Beogh against you.
Beogh smites you!
* * * LOW HITPOINT WARNING * * *
You hear a shout!
Items here: ) [[ ††.
The orc priest invokes the aid of Beogh against you.
Beogh smites you!
You die... ##########..........# .............#..)..## ..............##)### ######...........## #.. #............# #.. #...........## #oo

#..........##
#.^##o###...........##
#....5oo@.)..........##
#.###3###.............#
..5 #..........#.##
#... #.............#
#... #............##
#... #...........##
#######...........#.
........)).......
......#..).......#


You could see an orc high priest, a ynoxinul (summoned), an orc priest, an orc
and an ufetubus (summoned).

Vanquished Creatures
  Snorg (Orc:2)
  Josephine (D:11)
  3 hydras
  Erolcha (Orc:2)
  A boulder beetle (D:11)
  A centaur warrior (D:11)
  2 two-headed ogres
  2 death yaks (Lair:2)
  An orc high priest (Orc:2)
  A swamp dragon (Lair:2)
  2 orc knights
  Pikel (D:7)
  3 ugly things
  An orc sorcerer (Orc:1)
  5 black mambas
  A centaur zombie (D:12)
  A torpor snail (Lair:2)
  A centaur skeleton (D:11)
  7 komodo dragons
  4 cane toads
  A kobold demonologist (D:11)
  2 rime drakes (Lair:1)
  An efreet (D:10)
  A queen bee (D:9)
  4 trolls
  2 hornets
  A slime creature (D:10)
  5 blink frogs (Lair:2)
  A vampire (D:10)
  Sigmund (D:2)
  A shadow (D:12)
  9 wraiths
  2 wyverns
  40 yaks
  2 steam dragons
  Edmund (D:4)
  10 soldier ants
  2 wargs (Orc:2)
  4 nagas (Lair:3)
  17 water moccasins
  A phantom (D:8)
  18 orc warriors
  5 sky beasts
  7 necrophages
  3 ice beasts
  2 black bears
  An eye of draining (D:11)
  6 ogres
  3 centaurs
  A lemure (D:7)
  6 big kobolds
  15 bullfrogs
  A gnoll sergeant (D:5)
  3 wyvern skeletons
  4 scorpions
  38 killer bees
  4 howler monkeys
  A bullfrog zombie (D:11)
  5 hounds
  2 jellies
  17 orc priests
  18 orc wizards
  5 bullfrog skeletons
  9 iguanas
  Ijyb (D:5)
  9 worker ants
  5 hell rats (Lair:1)
  A hound zombie (D:7)
  A hound skeleton (D:6)
  A worker ant zombie (D:7)
  12 gnolls
  3 howler monkey zombies
  8 adders
  2 shadow imps
  6 white imps
  2 oozes
  2 worms
  3 leopard geckos
  92 orcs
  2 ball pythons (D:2)
  3 bats
  5 giant cockroaches
  2 goblins (D:1)
  9 hobgoblins
  2 jackals (D:7)
  3 quokkas
  5 frilled lizards
  42 kobolds
  2 leopard gecko zombies
  4 rats
549 creatures vanquished.

Vanquished Creatures (others)
  A yak (Lair:1)
  A kobold (D:9)
  17 fungi
  10 plants
  5 withered plants (D:7)
34 creatures vanquished.

Grand Total: 583 creatures vanquished

Notes
Turn   | Place    | Note
-------+----------+-------------------------------------------
     0 | D:1      | Peloso the Minotaur Fighter began the quest for the Orb.
     0 | D:1      | Reached XP level 1. HP: 19/19 MP: 0/0
   398 | D:1      | Reached XP level 2. HP: 27/27 MP: 1/1
   775 | D:2      | Noticed Sigmund
   786 | D:2      | Killed Sigmund
   786 | D:2      | Reached skill level 5 in Armour
   786 | D:2      | Reached skill level 4 in Shields
   786 | D:2      | Reached XP level 3. HP: 27/34 MP: 2/2
   786 | D:2      | Reached XP level 4. HP: 32/41 MP: 3/3
   786 | D:2      | Reached XP level 5. HP: 37/47 MP: 4/4
  1150 | D:2      | Found a faded altar of an unknown god.
  1316 | D:2      | Found a glowing silver altar of Zin.
  1487 | D:3      | Reached skill level 5 in Shields
  1511 | D:3      | Reached skill level 1 in Dodging
  1524 | D:3      | Reached XP level 6. HP: 52/53 MP: 5/5
  2709 | D:4      | Noticed Edmund
  2739 | D:4      | Killed Edmund
  2739 | D:4      | Reached skill level 5 in Long Blades
  2739 | D:4      | Reached XP level 7. HP: 50/60 MP: 6/6
  2900 | D:4      | Reached skill level 6 in Shields
  3146 | D:4      | Reached skill level 5 in Fighting
  3280 | D:5      | Entered Level 5 of the Dungeon
  3392 | D:5      | Found a staircase to the Ecumenical Temple.
  3422 | D:5      | Reached skill level 7 in Shields
  3422 | D:5      | Reached XP level 8. HP: 15/68 MP: 7/7
  3511 | Temple   | Entered the Ecumenical Temple
  3815 | Temple   | Became a worshipper of Warmaster Okawaru
  4137 | D:5      | Found a blossoming altar of Fedhas.
  4270 | D:5      | Reached skill level 8 in Shields
  4293 | D:5      | Found a burning altar of Makhleb.
  4303 | D:5      | Found a hazy altar of Hepliaklqana.
  4377 | D:5      | Noticed Ijyb
  4399 | D:5      | Killed Ijyb
  4399 | D:5      | Reached * piety under Okawaru
  4534 | D:5      | Found a shimmering altar of Xom.
  5103 | D:6      | Reached XP level 9. HP: 72/75 MP: 8/8
  5549 | D:7      | Noticed Pikel
  5569 | D:7      | Killed Pikel
  5569 | D:7      | Reached ** piety under Okawaru
  5569 | D:7      | Reached skill level 9 in Shields
  6036 | D:7      | Reached skill level 10 in Long Blades
  6136 | D:7      | Reached *** piety under Okawaru
  6211 | D:7      | Reached skill level 10 in Shields
  6317 | D:7      | Found a white marble altar of Elyvilon.
  6760 | D:8      | Noticed a two-headed ogre
  6774 | D:8      | Killed a two-headed ogre
  6774 | D:8      | Reached **** piety under Okawaru
  6774 | D:8      | Reached XP level 10. HP: 81/84 MP: 6/9
  7653 | D:9      | Reached skill level 11 in Shields
  7801 | D:9      | Reached ***** piety under Okawaru
  7948 | D:9      | Found Suduvumm's Assorted Antiques.
  8433 | D:9      | Noticed a two-headed ogre
  8451 | D:9      | Killed a two-headed ogre
  8559 | D:9      | Found a staircase to the Lair.
  8584 | D:9      | Found a radiant altar of Vehumet.
  8635 | D:9      | Reached skill level 12 in Shields
  8635 | D:9      | Reached XP level 11. HP: 57/93 MP: 10/10
  9399 | D:9      | Received a gift from Okawaru
  9399 | D:9      | Reached skill level 10 in Armour
  9962 | D:9      | Found a shimmering blue altar of Sif Muna.
 10011 | D:10     | Entered Level 10 of the Dungeon
 10758 | D:10     | Found a runed translucent door.
 10763 | D:10     | Found a runed translucent gate.
 10765 | D:10     | Found a runed translucent gate.
 10765 | D:10     | Found a runed translucent gate.
 10767 | D:10     | Found a runed translucent door.
 10909 | D:10     | Reached skill level 13 in Shields
 10931 | D:10     | Found the +9 staff of Olgreb {rPois∞}
 11424 | D:11     | Noticed a centaur warrior
 11446 | D:11     | Killed a centaur warrior
 11597 | D:11     | Found a portal to a secret trove of treasure.
 11838 | D:11     | Paralysed by a hornet for 2 turns
 12073 | D:11     | Noticed a purple ugly thing
 12077 | D:11     | Noticed a six-headed hydra
 12084 | D:11     | Killed a two-headed hydra
 12084 | D:11     | Reached XP level 12. HP: 99/104 MP: 11/11
 12104 | D:11     | Noticed a boulder beetle
 12121 | D:11     | Killed a boulder beetle
 12469 | D:11     | Noticed Josephine
 12485 | D:11     | Killed Josephine
 12492 | D:11     | Received a gift from Okawaru
 12510 | D:11     | Reached skill level 14 in Shields
 12519 | D:11     | Got a shimmering hat {god gift}
 12525 | D:11     | Identified the +0 hat of Hopscotch {+Fly Stlth+} (Okawaru
                  | gifted it to you on level 11 of the Dungeon)
 12973 | Lair:1   | Entered Level 1 of the Lair of Beasts
 13007 | Lair:1   | Reached skill level 10 in Fighting
 13129 | Lair:1   | Reached ****** piety under Okawaru
 13483 | Lair:1   | Noticed a seven-headed hydra
 13546 | Lair:1   | Killed a four-headed hydra
 13546 | Lair:1   | Received a gift from Okawaru
 14513 | Lair:2   | Reached XP level 13. HP: 116/116 MP: 12/12
 14600 | Lair:2   | Found a staircase to the Swamp.
 14611 | Lair:2   | Reached skill level 15 in Shields
 14793 | Lair:2   | Received a gift from Okawaru
 14970 | Lair:2   | You fall into a shaft and drop 1 floor!
 15270 | Lair:3   | Found a staircase to the Snake Pit.
 17150 | D:12     | Found a staircase to the Orcish Mines.
 17972 | Orc:1    | Entered Level 1 of the Orcish Mines
 17976 | Orc:1    | Reached skill level 16 in Shields
 17983 | Orc:1    | Reached skill level 1 in Stealth
 18000 | Orc:1    | Found a roughly hewn altar of Beogh.
 18112 | Orc:1    | Found a flagged portal.
 18232 | Bailey   | Entered a bailey
 18970 | Orc:2    | Entered Level 2 of the Orcish Mines
 19124 | Orc:2    | Found Hoaw Von's Gadget Emporium.
 19126 | Orc:2    | Noticed Erolcha
 19137 | Orc:2    | Killed Erolcha
 19181 | Orc:2    | Found a staircase to the Elven Halls.
 19244 | Orc:2    | Received a gift from Okawaru
 19290 | Orc:2    | Noticed Snorg
 19301 | Orc:2    | Killed Snorg
 19325 | Orc:2    | Reached skill level 15 in Long Blades
 19331 | Orc:2    | HP: 1/118 [orc priest/divine providence (13)]
 19332 | Orc:2    | Killed from afar by an orc priest

Illustrated notes

Levels and vault maps discovered:
D:1:      minmay_arrival_checkered_box, layout_basic, minmay_tetromino_o4
D:2:      layout_rooms, zin_scriptorium, chequers_ecumenical_altar_simple,
          uniq_sigmund
D:3:      layout_loops_ring, minmay_starry_boxes
D:4:      layout_rooms, uniq_edmund
D:5:      layout_loops_ring, kennysheep_mini_moat, grunt_temple_overflow_open,
          fedhas_altar_3, minmay_temple_entry_offerings, uniq_ijyb
D:6:      layout_basic, minmay_misc_feat_chi
D:7:      layout_basic, lemuel_crystal_altar, serial_undead, serial_undead_d,
          serial_undead_b, serial_undead_a, serial_undead_b, uniq_pikel
D:8:      layout_loops_cross, serial_rivers, chequers_serial_rivers_micro_b,
          chequers_serial_rivers_marsh, chequers_serial_rivers_large_a,
          chequers_serial_rivers_micro_c
D:9:      layout_loops_ring, vehumet_crystals, lemuel_blue_sif_altar,
          lair_entry_dummy, serial_shops, shop, special_room [special_room_bee]
D:10:     minmay_blocky_corners, layout_layer_cave,
          minmay_guarded_unrand_staff_of_olgreb
D:11:     minmay_chambers_of_sixes, layout_cave_pods, enter_trove_0, hex_large,
          uniq_josephine
D:12:     layout_roguey, david_orc_2
D:13:     layout_roguey [special_room_orc], grunt_vaults_entry_fortified,
          serial_shops, shop, serial_curves, eino_curves_02, eino_curves_04
Temple:   minmay_temple_curvy_branch
Lair:1:   layout_small_grid, lemuel_fruit_tree, infiniplex_staircase_pool_2
Lair:2:   layout_cellular_growth, minmay_swamp_entry_reptiles
Lair:3:   layout_cave_pods, minmay_snake_entry_guardpost_small
Orc:1:    layout_caves, basic_altar, enter_bailey_2
Orc:2:    st_orc_town, layout_diamond_mine, serial_shops, nicolae_shop_stone,
          trog_book, uniq_erolcha, uniq_snorg

Skill      XL: |  1  2  3  4  5  6  7  8  9 10 11 12 13 |
---------------+----------------------------------------+-----
Armour         | 5 6 7 8 9 10 11 12 | 12.6
Fighting       | 4 5 6 7 9 11 12 | 12.1
Long Blades    | 3 4 5 7 8 10 11 13 14 15 | 15.0
Shields        | 4 5 7 8 10 12 13 14 16 | 16.5
Dodging        | 1 2 3 4 |  4.9
Stealth        | 1 |  1.2
Short Blades   | |  0.1
Invocations    | |  0.3
Evocations     | |  0.9

Action                   |  1- 3 |  4- 6 |  7- 9 | 10-12 | 13-15 || total
-------------------------+-------+-------+-------+-------+-------++-------
Melee: Long sword        |    50 |   176 |   490 |   461 |       ||  1177
       Headbutt          |     3 |    25 |    97 |   210 |   134 ||   469
       Short sword       |       |     8 |       |       |       ||     8
       Scimitar          |       |       |       |   506 |   394 ||   900
Invok: Heroism           |       |       |     1 |     7 |     4 ||    12
Evoke: Wand              |       |       |       |     5 |       ||     5
  Use: Scroll            |     4 |       |     4 |     8 |     5 ||    21
       Potion            |     2 |     3 |     1 |     3 |     2 ||    11
Armor: Scale mail        |    29 |    38 |       |       |       ||    67
       Chain mail        |       |    26 |   117 |   206 |    21 ||   370
       Plate armour      |       |       |       |       |    78 ||    78
Dodge: Dodged            |    11 |    44 |    70 |   160 |    84 ||   369
Block: Kite shield       |    29 |   173 |   407 |   705 |   407 ||  1721
       Reflection        |       |    11 |    14 |    15 |    54 ||    94
       Rpst.: Long sword |     1 |    12 |    18 |    24 |       ||    55
       Scimitar          |       |       |       |    29 |    22 ||    51

Table legend: (Time is in decaauts)
 A = Elapsed time spent in this place.
 B = Non-inter-level travel time spent in this place.
 C = Inter-level travel time spent in this place.
 D = Time resting spent in this place.
 E = Time spent auto-exploring this place.
 F = Levels seen in this place.
 G = Mean time per level.
                   A        B        C        D        E       F      G
               +--------+--------+--------+--------+--------+-----+--------+
         Total |  19144 |  18516 |    628 |   2222 |  11460 |  20 |  957.2 |
       Dungeon |  13499 |  12947 |    552 |   1544 |   8187 |  13 | 1038.4 |
        Temple |    329 |    329 |      0 |      0 |    298 |   1 |  329.0 |
          Lair |   4005 |   3929 |     76 |    567 |   2522 |   3 | 1335.0 |
  Orcish Mines |    708 |    708 |      0 |    111 |    289 |   2 |  354.0 |
        Bailey |    601 |    601 |      0 |      0 |    164 |   1 |  601.0 |
               +--------+--------+--------+--------+--------+-----+--------+

Top non-repeatable levels by time:
     D:9: 2486 daAuts
    D:11: 1519 daAuts
  Lair:1: 1454 daAuts
    D:10: 1382 daAuts
  Lair:2: 1302 daAuts
  Lair:3: 1249 daAuts
     D:7: 1165 daAuts
     D:5: 1083 daAuts
     D:3: 972 daAuts
     D:8: 968 daAuts
     D:2: 887 daAuts
    D:12: 801 daAuts
     D:1: 790 daAuts
     D:6: 715 daAuts
     D:4: 711 daAuts
